 Dungeon Crawl Stone Soup version 0.27-a0-1322-gfdffb62a71 (webtiles) character file.

Game seed: 16145415501739418448

1396 funkygono the Firebug (level 8, -5/44 HPs)
             Began as a Gargoyle Fire Elementalist on June 23, 2021.
             Slain by a steam dragon (9 damage)
             ... on level 5 of the Dungeon.
             The game lasted 00:11:26 (6091 turns).

funkygono the Firebug (Gargoyle Fire Elementalist)  Turns: 6091, Time: 00:11:26

Health: -5/44      AC: 13    Str: 12    XL:     8   Next: 68%
Magic:  8/15       EV: 12    Int: 18    God:
Gold:   188        SH:  0    Dex: 16    Spells: 4/17 levels left

rFire    . . .     SeeInvis .   m - +1 mace (protect)
rCold    . . .     Faith    .   (no shield)
rNeg     + + .     Spirit   .   h - +2 leather armour {rPois}
rPois    ∞         Reflect  .   (no helmet)
rElec    +         Harm     .   (no cloak)
rCorr    .         Rampage  .   n - +1 pair of gloves
Will     .....                  (no boots)
Stlth    ++........             (no amulet)
HPRegen  0.14/turn              j - ring of positive energy
MPRegen  0.14/turn              k - +6 ring of dexterity

@: no status effects
A: sickness immunity, AC +5, negative energy resistance 1, electricity
resistance, torment resistance 1, petrification resistance
a: no special abilities


You were on level 5 of the Dungeon.
You visited 1 branch of the dungeon, and saw 5 of its levels.
You also visited: Ossuary.

You collected 188 gold pieces.

Inventory:

Hand Weapons
 m - a +1 mace of protection (weapon)
Armour
 a - a +0 robe
 g - a +0 scale mail
 h - a +2 leather armour of poison resistance (worn)
 n - a +1 pair of gloves (worn)
Jewellery
 j - a ring of positive energy (left hand)
 k - a +6 ring of dexterity (right hand)
 l - a ring of protection from fire
Wands
 d - a wand of iceblast (11)
Scrolls
 o - a scroll of magic mapping
 t - a scroll of teleportation
 u - a scroll of identify
Potions
 b - a potion of magic
 c - 2 potions of haste
 e - 3 potions of lignification
 f - a potion of brilliance {unknown}
 i - a potion of heal wounds {unknown}
 p - 4 potions of curing
 q - 3 potions of attraction
 r - a potion of might {unknown}
 s - a potion of flight {unknown}
 v - a potion of degeneration {unknown}


   Skills:
 + Level 1.9 Fighting
 + Level 3.3 Maces & Flails
 + Level 2.3 Armour
 + Level 2.6 Dodging
 - Level 2.1 Stealth
 + Level 5.3 Spellcasting
 + Level 4.7 Conjurations
 + Level 6.1 Fire Magic


You had 4 spell levels left.
You knew the following spells:

 Your Spells              Type           Power      Damage    Failure   Level
a - Foxfire               Conj/Fire      96%        2x1d8     1%          1
b - Conjure Flame         Conj/Fire      24%        6-21      5%          3
c - Sticky Flame          Conj/Fire      24%        2d5       17%         4
d - Fireball              Conj/Fire      12%        3d7       43%         5

Your spell library contained the following spells:

 Spells                   Type           Power      Damage    Failure   Level
 Inner Flame              Hex/Fire       15%        N/A       14%         3
 Ignite Poison            Fire/Tmut/Pois 12%        N/A       22%         3
 Starburst                Conj/Fire      12%        8x6d5     95%         6
 Ignition                 Fire           13%        3d6       100%        8


Dungeon Overview and Level Annotations

Branches:
Dungeon (5/15)            Ossuary (visited)
 Temple: D:4-7

Altars:
Ashenzari
Cheibriados
Qazlal
Trog
Wu Jian

Shops:
D:3 [[


Innate Abilities, Weirdness & Mutations

You are immune to sickness and miasma.
Your stone body is resilient. (AC +5)
You are immune to poison.
You resist negative energy. (rN+)
You are resistant to electric shocks. (rElec)
You are resistant to unholy torment.
You are immune to petrification.


Message History

The steam dragon is moderately wounded.
The steam dragon breathes steam at you. The ball of steam hits you!
Casting: Foxfire (safe; 1% risk of failure)
Confirm with . or Enter, or press ? or * to list all spells.
You conjure some foxfire!
You are engulfed in a cloud of scalding steam.
* * * LOW HITPOINT WARNING * * *
Your foxfire dissipates!
Casting: Foxfire (safe; 1% risk of failure)
Confirm with . or Enter, or press ? or * to list all spells.
You conjure some foxfire!
The steam dragon breathes steam at you. The ball of steam hits your foxfire.
Your foxfire resists.
The ball of steam hits you.
* * * LOW HITPOINT WARNING * * *
Your foxfire dissipates! x2
Found a green potion and 2 scrolls of magic mapping.
Your foxfire dissipates!
The steam dragon misses you.
The steam dragon claws you but does no damage.
You hit the steam dragon but do no damage.
Your weapon exudes an aura of protection.
The steam dragon is moderately wounded.
The steam dragon bites you but does no damage.
The steam dragon misses you.
You barely miss the steam dragon.
The steam dragon is moderately wounded.
The steam dragon breathes steam at you. The ball of steam hits you.
* * * LOW HITPOINT WARNING * * *
Unknown command.
You feel better.
You are engulfed in a cloud of scalding steam.
* * * LOW HITPOINT WARNING * * *
The steam dragon bites you but does no damage.
The steam dragon claws you but does no damage.
The steam dragon bites you!
You die...

#...#.##..#...#
#......#..#...#
#......#..###..
#......# #...>..#
#......# ?#
#......#..## ##
#.......>...D. ..
####..@D..##.####
.. #......#### #
. #...[....!#
#......##.#
#..§#### # #.§.
#... #.. #.


You could see a steam dragon (catching breath).

Vanquished Creatures
  A sky beast (D:5)
  6 elf zombies (Ossuary)
  A scorpion (D:4)
  2 water moccasin skeletons
  4 wights (D:5)
  4 centaur zombies (Ossuary)
  2 human zombies (Ossuary)
  Jessica (D:2)
  2 iguanas
  Natasha (thrice) (D:2)
  A scorpion zombie (D:5)
  Terence (D:2)
  3 mummies (Ossuary)
  6 gnolls (D:4)
  An adder (D:2)
  A shadow imp (D:5)
  An adder skeleton (D:4)
  3 worms
  2 dart slugs (D:3)
  5 orcs
  3 ball pythons
  4 endoplasms
  5 giant cockroaches
  5 goblins
  9 hobgoblins
  3 jackals (D:1)
  A quokka (D:2)
  4 bats
  9 frilled lizards
  3 kobolds
  3 rats
99 creatures vanquished.

Vanquished Creatures (others)
  494 foxfires
494 creatures vanquished.

Grand Total: 593 creatures vanquished

Notes
Turn   | Place    | Note
-------+----------+-------------------------------------------
     0 | D:1      | funkygono the Gargoyle Fire Elementalist began the quest
                  | for the Orb.
     0 | D:1      | Reached XP level 1. HP: 10/10 MP: 3/3
     2 | D:1      | Noticed a draconian
     2 | D:1      | Noticed a vine stalker
     4 | D:1      | Noticed a gargoyle
     4 | D:1      | Noticed a merfolk
     6 | D:1      | Noticed a minotaur
     6 | D:1      | Noticed a djinni
     8 | D:1      | Noticed a dwarf
     8 | D:1      | Noticed a human
    10 | D:1      | Noticed a naga
    12 | D:1      | Noticed a demigod
    12 | D:1      | Noticed an ogre
    14 | D:1      | Noticed a troll
    14 | D:1      | Noticed an octopode
    16 | D:1      | Noticed a felid
    18 | D:1      | Noticed a spriggan
    18 | D:1      | Noticed a tengu
    20 | D:1      | Noticed a vampire
    22 | D:1      | Noticed a demonspawn
    22 | D:1      | Noticed a palentonga
    24 | D:1      | Noticed a formicid
    24 | D:1      | Noticed a barachi
    26 | D:1      | Noticed an elf
    26 | D:1      | Noticed a ghoul
   448 | D:1      | Reached XP level 2. HP: 15/15 MP: 1/5
   818 | D:1      | Found a faded altar of an unknown god.
  1087 | D:2      | Reached XP level 3. HP: 9/19 MP: 1/6
  1091 | D:2      | Learned a level 3 spell: Conjure Flame
  1345 | D:2      | Noticed Jessica
  1351 | D:2      | Killed Jessica
  1356 | D:2      | Reached skill level 4 in Fire Magic
  1356 | D:2      | Reached XP level 4. HP: 24/24 MP: 0/7
  1602 | D:2      | Noticed Terence
  1614 | D:2      | Killed Terence
  1783 | D:2      | Noticed Natasha
  1787 | D:2      | Killed Natasha
  1788 | D:2      | Reached XP level 5. HP: 28/28 MP: 4/9
  2042 | D:2      | Noticed Natasha
  2048 | D:2      | Killed Natasha
  2199 | D:2      | Noticed Natasha
  2203 | D:2      | Killed Natasha
  2204 | D:2      | Reached skill level 1 in Maces & Flails
  2390 | D:2      | Learned a level 4 spell: Sticky Flame
  2482 | D:3      | Found Wydeken's Antique Armour Shoppe.
  2725 | D:3      | Found an ornate altar of the Wu Jian Council.
  2784 | D:3      | Found a snail-covered altar of Cheibriados.
  3022 | D:3      | Found a stormy altar of Qazlal.
  3024 | D:3      | Found a bloodstained altar of Trog.
  3266 | D:3      | Found Icoi's Antique Armour Shoppe.
  3441 | D:3      | Identified a scroll of acquirement
  3441 | D:3      | Acquired a book of Fire
  3539 | D:4      | Found a sand-covered staircase.
  3547 | Ossuary  | Entered an ossuary
  3579 | Ossuary  | Reached XP level 6. HP: 25/33 MP: 3/11
  3821 | Ossuary  | Reached skill level 5 in Fire Magic
  3871 | Ossuary  | Reached skill level 1 in Armour
  3871 | Ossuary  | Reached XP level 7. HP: 36/37 MP: 1/13
  3895 | Ossuary  | Reached skill level 1 in Fighting
  4470 | D:4      | Reached XP level 8. HP: 43/43 MP: 9/14
  4719 | D:4      | Found a broken altar of Ashenzari.
  5578 | D:4      | Learned a level 5 spell: Fireball
  5603 | D:5      | Entered Level 5 of the Dungeon
  5738 | D:5      | Reached skill level 5 in Spellcasting
  5808 | D:5      | Reached skill level 6 in Fire Magic
  6089 | D:5      | HP: 2/44 [steam dragon/ball of steam (5)]
  6091 | D:5      | Slain by a steam dragon

Illustrated notes

Levels and vault maps discovered:
D:1:      kb_arrival_jail, layout_basic, basic_ecumenical_altar
D:2:      layout_basic, uniq_terence, uniq_jessica, uniq_natasha
D:3:      layout_basic, kennysheep_slug_shrine, lemuel_coloured_pillars_altar,
          jmf_multi_god_temple, serial_shops, shop_fountains, shop
D:4:      layout_loops_corners, nicolae_ashenzari_panopticon, enter_ossuary_1
D:5:      layout_basic, minmay_temple_entry_slanted, minivault_1

Skill      XL: |  1  2  3  4  5  6  7  8 |
---------------+-------------------------+-----
Fire Magic     | 4 5 6 |  6.1
Conjurations   | 2 3 4 |  4.7
Spellcasting   | 3 4 5 |  5.3
Maces & Flails | 1 2 3 |  3.3
Armour         | 1 2 |  2.3
Dodging        | 2 |  2.6
Fighting       | 1 |  1.9
Stealth        | |  2.1

Action                   |  1- 3 |  4- 6 |  7- 9 || total
-------------------------+-------+-------+-------++-------
Melee: Unarmed           |     8 |       |       ||     8
       Flail             |    15 |     8 |       ||    23
       Mace              |       |    28 |    84 ||   112
 Cast: Foxfire           |    44 |   113 |   123 ||   280
       Conjure Flame     |       |     1 |     1 ||     2
  Use: Scroll            |     2 |     7 |     2 ||    11
       Potion            |       |       |     1 ||     1
Armor: Robe              |     8 |       |       ||     8
       Leather armour    |       |    39 |    63 ||   102
Dodge: Dodged            |    16 |    43 |    68 ||   127

Table legend: (Time is in decaauts)
 A = Elapsed time spent in this place.
 B = Non-inter-level travel time spent in this place.
 C = Inter-level travel time spent in this place.
 D = Time resting spent in this place.
 E = Time spent auto-exploring this place.
 F = Levels seen in this place.
 G = Mean time per level.
                   A        B        C        D        E       F      G
               +--------+--------+--------+--------+--------+-----+--------+
         Total |   6130 |   6026 |    104 |    224 |   4879 |   6 | 1021.7 |
       Dungeon |   5219 |   5115 |    104 |    155 |   4280 |   5 | 1043.8 |
       Ossuary |    911 |    911 |      0 |     69 |    599 |   1 |  911.0 |
               +--------+--------+--------+--------+--------+-----+--------+

Top non-repeatable levels by time:
     D:2: 1389 daAuts
     D:4: 1218 daAuts
     D:3: 1079 daAuts
     D:1: 1039 daAuts
 Ossuary: 911 daAuts
     D:5: 491 daAuts
